 Seeded DCSS version 0.30-a0-986-g7f2e898f52 (webtiles) character file.

Game seed: 3425090202442293766 (custom seed)

116957 DeathPants the Unseen (level 16, -4/89 HPs)
             Began as a Vine Stalker Gladiator on Apr 1, 2023.
             Was an Initiate of Gozag.
             Slain by Aizul (8 damage)
             ... on level 1 of the Snake Pit.
             The game lasted 01:14:13 (21817 turns).

DeathPants the Unseen (Vine Stalker Gladiator)     Turns: 21817, Time: 01:14:14

Health: -4/89      AC: 15    Str: 23    XL:     16   Next: 72%
Magic:  0/27       EV: 16    Int: 12    God:    Gozag
Gold:   6154       SH:  0    Dex: 19    Spells: 22/29 levels left

rFire   + . .      SeeInvis .    a - +2 executioner's axe (heavy)
rCold   + . .      Faith    .    (shield currently unavailable)
rNeg    . . .      Spirit   +    k - +2 robe {rC+ rF+}
rPois   +          Reflect  .    q - +2 hood of the Assassin {Detect Stab+ Stlth++}
rElec   .          Rampage  .    f - +2 cloak {rCorr}
rCorr   +                        i - +2 pair of gloves {Dex+3}
Will    ++++.                    P - +2 pair of boots
Stlth   +++++++++                A - amulet of regeneration
HPRegen 1.94/turn                M - ring "Qaese" {Will++ Str+2 Slay+4}
MPRegen 0.20/turn                o - ring of poison resistance

@: gold aura, studying Long Blades
A: fangs 3, regeneration 1, magic shield, antimagic bite, no potion heal 2
a: Renounce Religion, Potion Petition, Call Merchant, Bribe Branch


You were on level 1 of the Snake Pit.
You worshipped Gozag.
Gozag was greatly pleased with you.
You visited 4 branches of the dungeon, and saw 22 of its levels.
You also visited: Bailey.

You collected 7935 gold pieces.
You spent 1520 gold pieces at shops.
You paid 261 gold pieces to Gozag.

Inventory:

Hand Weapons
 a - a +2 heavy executioner's axe (weapon)
 b - a +3 battleaxe of electrocution
 e - a +3 vampiric broad axe
 x - a +1 demon whip of venom
Armour
 f - a +2 cloak of preservation (worn)
 i - a +2 pair of gloves of dexterity (worn)
 k - a +2 robe of resistance (worn)
 q - the +2 hood of the Assassin (worn) {Detect Stab+ Stlth++}
   (You acquired it on level 1 of the Dungeon)

   Detect:    It allows the wearer to sense nearby creatures.
   Stab+:     It allows the wearer to make particularly effective stabbing
   attacks against helpless or unaware enemies with any weapon.
   Stlth:     It makes you much more stealthy.
 D - the +2 robe of a Hundred Friends {rElec Str+4 Int-5 Slay+3}
   (You found it on level 5 of the Dungeon)

   Str:       It affects your strength (+4).
   Int:       It affects your intelligence (-5).
   Slay:      It affects your accuracy & damage with ranged weapons and melee
   (+3).
   rElec:     It insulates you from electricity.
 P - a +2 pair of boots (worn)
Magical Staves
 V - a staff of death
Jewellery
 d - a ring of wizardry
 g - a ring of see invisible
 o - a ring of poison resistance (right hand)
 w - a +6 ring of intelligence
 A - an amulet of regeneration (around neck)
 M - the ring "Qaese" (left hand) {Will++ Str+2 Slay+4}
   (You found it on level 14 of the Dungeon)

   [ring of slaying]

   Str:       It affects your strength (+2).
   Slay:      It affects your accuracy & damage with ranged weapons and melee
   (+4).
   Will:      It greatly increases your willpower.
 R - a +4 ring of protection
Wands
 C - a wand of flame (26)
 Y - a wand of digging (12)
Scrolls
 c - 15 scrolls of teleportation
 h - 5 scrolls of magic mapping
 m - 4 scrolls of blinking
 t - a scroll of fear
 u - 5 scrolls of fog
 y - 3 scrolls of silence
 B - 2 scrolls of immolation
 E - 2 scrolls of amnesia
 F - a scroll of enchant armour
 G - 2 scrolls of vulnerability
 S - 10 scrolls of identify
Potions
 j - 3 potions of might
 n - 5 potions of brilliance
 p - 3 potions of resistance
 r - 11 potions of curing
 s - 5 potions of attraction
 z - 4 potions of flight
 H - 6 potions of haste
 I - 6 potions of lignification
 J - 3 potions of magic
 K - 4 potions of mutation
 O - 2 potions of invisibility
 T - a potion of cancellation
Miscellaneous
 l - a condenser vane
 v - a tin of tremorstones (2/2)
 W - a phial of floods


   Skills:
 - Level 12.3 Fighting
 + Level 16.6 Axes
 - Level 1.7 Throwing
 - Level 2.7 Armour
 - Level 7.0 Dodging
 - Level 17.6 Stealth
 - Level 7.3 Spellcasting
 + Level 9.5 Summonings
 + Level 9.4 Necromancy


You had 22 spell levels left.
You knew the following spells:

 Your Spells              Type           Power      Damage    Failure   Level
a - Haunt                 Necr/Summ      13%        N/A       95%         7

Your spell library contained the following spells:

 Spells                   Type           Power      Damage    Failure   Level
 Sublimation of Blood     Necr           27%        N/A       1%          2
 Cigotuvi's Dreadful Rot  Necr/Pois/Air  22%        N/A       7%          2
 Foxfire                  Conj/Fire      16%        2x1d2     16%         1
 Sandblast                Erth           8%         2d5       16%         1
 Blink                    Tloc           8%         N/A       24%         2
 Passwall                 Tmut/Erth      3%         N/A       24%         2
 Poisonous Vapours        Pois/Air       8%         N/A       24%         2
 Wereblood                Tmut           4%         N/A       24%         2
 Inner Flame              Hex/Fire       4%         N/A       43%         3
 Mephitic Cloud           Conj/Pois/Air  4%         N/A       43%         3
 Portal Projectile        Hex/Tloc       8%         N/A       43%         3
 Stone Arrow              Conj/Erth      8%         3d7       43%         3
 Tukima's Dance           Hex            4%         N/A       43%         3
 Flame Wave               Conj/Fire      4%         2d5       85%         4
 Manifold Assault         Tloc           4%         N/A       85%         4
 Sticky Flame             Conj/Fire      4%         2d3       85%         4
 Summon Hydra             Summ           13%        N/A       95%         7
 Blade Hands              Tmut           2%         N/A       99%         5
 Fireball                 Conj/Fire      2%         3d4       99%         5
 Starburst                Conj/Fire      2%         6d3       100%        6
 Storm Form               Tmut/Air       2%         N/A       100%        7
 Infestation              Necr           13%        N/A       100%        8
 Animate Dead             Necr           Unusable   N/A       N/A         4

Dungeon Overview and Level Annotations

Branches:
Dungeon (15/15) Temple (1/1) D:5 Lair (5/5) D:10 Shoals (0/4) Lair:3 Snake (1/4) Lair:3 Slime (0/5) Lair:5 Orc (0/2) D:10 Vaults (0/5) D:12 D:13 Depths (0/4) D:15 Bailey (visited)

Altars:
Ashenzari
Cheibriados
Dithmenos
Elyvilon
Fedhas
Gozag
Hepliaklqana
Kikubaaqudgha
Makhleb
Nemelex Xobeh
Okawaru
Qazlal
Ru
Sif Muna
Trog
Uskayaw
Vehumet
Wu Jian
Xom
Yredelemnul
Zin
The Shining One
Lugonu

Shops:
D:2 ?(   D:6 *=   D:13 ?   D:15 *

Portals:
Abyss: Lair:5

Annotations:
Snake:1 Aizul


Innate Abilities, Weirdness & Mutations

You have razor-sharp teeth.
Your natural rate of healing is unusually fast.
When hurt, damage is shared between your health and your magic reserves.
Your bite disrupts and absorbs the magic of your enemies.
Potions cannot restore your health.


Message History

Aizul is almost dead.
You feel very sick.
Aizul coils herself and waves her upper body at you.
The poison arrow misses you. Aizul closely misses you.
Aizul coils herself and waves her upper body at you.
The poison arrow hits you!!
You are more poisoned.
You partially resist.
* * * LOW HITPOINT WARNING * * *
The anaconda barely misses you.
The anaconda bites you but does no damage.
Your system rejects the healing.
You feel better. The anaconda grabs you.
The anaconda bites you but does no damage.
The anaconda constricts you.
* * * LOW HITPOINT WARNING * * *
The naga ritualist utters an invocation to its god.
The naga ritualist begins to radiate toxic energy.
Aizul coils herself and waves her upper body at you.
The bolt of poison hits you!
You are poisoned.
You resist.
* * * LOW HITPOINT WARNING * * *
The anaconda bites you!
* * * LOW HITPOINT WARNING * * *
The anaconda constricts you.
Your system rejects the healing.
You feel better.
* * * LOW HITPOINT WARNING * * *
Aizul casts a spell at you. You resist with almost no effort.
The naga ritualist misses you. The anaconda closely misses you.
The anaconda constricts you. Aizul casts a spell at you.
You resist with almost no effort.
You carve the anaconda like a ham!!! You bite the anaconda.
You kill the anaconda!
You barely miss Aizul.
You hear a shout! x3
* * * LOW HITPOINT WARNING * * *
Aizul hits you!
You die...
Your body crumbles into a pile of gold.

#. .#### .....#
.. .....###..
.S.{.... #S#...#
. #S#S..# .#
#@SN..# ..#
#..S.###..##
#$...#......
..##...$.......
........<.......
.....##.$.....##
..#...
##...^...# .
#### ......#..
.$.#.## .


You could see Aizul, 2 anacondas, a naga ritualist (toxic aura) and 3 black
mambas.

Vanquished Creatures
  An acid blob (shapeshifter) (Lair:5)
  2 very ugly things (D:15)
  Nessos (D:13)
  The ghost of Darkkill the Fighter, a journeyman MiHu of Gozag (D:11)
  2 vault guards (Bailey)
  10 hydras
  An ogre mage (D:12)
  3 catoblepae
  The ghost of Loveship the Unseen, a journeyman KoEn of Wu Jian (D:9)
  An anaconda (Snake:1)
  The ghost of Loveship the Covert, a journeyman VSEn of Wu Jian (D:13)
  6 centaur warriors
  8 boulder beetles
  8 two-headed ogres
  3 tengu warriors
  3 death yaks (Lair:1)
  A shock serpent (Snake:1)
  3 thrashing horrors (Lair:5)
  Urug (D:13)
  Sonja (Lair:3)
  A fire crab (D:13)
  A shadow wraith (D:13)
  Amaemon (Lair:1)
  A skeletal warrior (D:13)
  4 skysharks
  A deep troll (shapeshifter) (D:13)
  A swamp dragon (shapeshifter) (D:13)
  3 wizards
  A glowing orange brain (D:15)
  Pikel (D:9)
  3 lindwurms
  The ghost of Monkooky the Basher, a novice VSBe of Trog (D:6)
  6 deep elf pyromancers
  22 ugly things
  5 cyclopes
  3 manticores
  A cyclops (shapeshifter) (D:15)
  29 elephants
  A moth of wrath (D:9)
  A smoke demon (Lair:5)
  A naga mage (Snake:1)
  4 black mambas
  An orange demon (Lair:1)
  10 cane toads
  2 gargoyles
  2 rust devils
  2 unseen horrors (D:13)
  Psyche (D:9)
  3 freezing wraiths (D:13)
  A komodo dragon (shapeshifter) (D:14)
  2 efreet (D:13)
  11 komodo dragons
  A tengu conjurer (D:15)
  3 yaktaurs (D:15)
  An ancient zyme (Lair:5)
  Prince Ribbit (Bailey)
  5 trolls
  3 polar bears
  Grinder (D:3)
  15 blink frogs
  2 large abominations (Lair:5)
  A hornet (D:8)
  Sigmund (D:3)
  9 dream sheep
  3 shadows
  12 slime creatures
  6 wyverns
  A spriggan (Lair:5)
  4 wraiths
  56 yaks
  26 humans
  A vampire (D:12)
  2 ynoxinuls (Lair:5)
  7 basilisks
  11 vampire mosquitoes
  A steam dragon (D:8)
  A redback (D:9)
  2 chaos spawn (Lair:5)
  2 wargs (D:10)
  A neqoxec (D:11)
  2 acid dragons
  4 nagas
  13 water moccasins
  2 ice beasts
  8 orc warriors
  A sky beast (D:7)
  10 small abominations (Lair:5)
  3 black bears
  12 wolves
  5 ogres
  11 centaurs
  A lemure (D:9)
  2 kobold brigands
  A gnoll sergeant (D:6)
  3 scorpions
  16 bullfrogs
  10 killer bees
  An electric eel (Lair:3)
  5 howler monkeys
  A crimson imp (D:4)
  4 quasits (D:11)
  11 hounds
  A jelly (D:6)
  11 orc priests
  2 sleepcaps (D:6)
  Terence (D:3)
  2 iguanas (D:6)
  7 orc wizards
  6 adders
  3 gnolls (D:6)
  A shadow imp (D:5)
  A worm (D:2)
  14 dart slugs
  44 orcs
  8 ball pythons
  5 endoplasms
  3 giant cockroaches
  12 goblins
  9 hobgoblins
  A jackal (D:7)
  11 kobolds
  A quokka (D:2)
  7 bats
  4 frilled lizards
  A goblin skeleton (D:4)
  A goblin zombie (D:4)
  A hobgoblin zombie (D:4)
  A kobold skeleton (D:4)
  2 kobold zombies (D:4)
  An orc skeleton (D:4)
  13 rats
664 creatures vanquished.

Vanquished Creatures (others)
  A yak (Lair:2)
  An ogre (D:13)
  An orc wizard (D:13)
  A bush (Lair:2)
  28 fungi
  30 plants
62 creatures vanquished.

Grand Total: 726 creatures vanquished

Notes
Turn   | Place    | Note
-------+----------+-------------------------------------------
     0 | D:1      | DeathPants the Vine Stalker Gladiator began the quest for
                  | the Orb.
     0 | D:1      | Reached XP level 1. HP: 11/11 MP: 2/2
    52 | D:1      | You fall into a shaft and drop 1 floor!
   109 | D:2      | Reached XP level 2. HP: 10/15 MP: 1/3
   194 | D:2      | Found Nareh's Weapon Boutique.
   202 | D:2      | Reached XP level 3. HP: 18/18 MP: 4/4
   364 | D:1      | Found a faded altar of an unknown god.
   452 | D:1      | Reached skill level 1 in Armour
   761 | D:1      | Gained mutation: Your natural rate of healing is unusually
                  | fast. [Vine Stalker growth]
   761 | D:1      | Reached XP level 4. HP: 23/23 MP: 5/5
   887 | D:1      | Identified 2 scrolls of acquirement
   887 | D:1      | Acquired the +2 hood of the Assassin {Detect Stab+ Stlth++}
   887 | D:1      | Found the +2 hood of the Assassin {Detect Stab+ Stlth++}
   899 | D:1      | Acquired 870 gold pieces
   973 | D:3      | Noticed Sigmund
   980 | D:3      | Killed Sigmund
   981 | D:3      | Reached skill level 2 in Stealth
   981 | D:3      | Reached XP level 5. HP: 28/28 MP: 6/6
   981 | D:3      | Reached XP level 6. HP: 32/32 MP: 7/7
  1232 | D:2      | Found Lipoy's Magic Scroll Boutique.
  1236 | D:2      | Bought 2 scrolls of identify for 44 gold pieces
  1236 | D:2      | Bought a scroll of identify for 22 gold pieces
  1236 | D:2      | Bought a scroll of identify for 22 gold pieces
  1236 | D:2      | Bought a scroll of blinking for 82 gold pieces
  1236 | D:2      | Bought a scroll of teleportation for 33 gold pieces
  2130 | D:3      | Noticed Terence
  2142 | D:3      | Killed Terence
  2143 | D:3      | Reached skill level 3 in Stealth
  2186 | D:4      | Noticed Grinder
  2616 | D:4      | Acquired a manual of Stealth
  2628 | D:4      | Acquired 892 gold pieces
  2663 | D:3      | Killed Grinder
  2664 | D:3      | Reached skill level 4 in Stealth
  2664 | D:3      | Reached XP level 7. HP: 32/37 MP: 6/8
  2984 | D:4      | Reached skill level 5 in Stealth
  2990 | D:5      | Entered Level 5 of the Dungeon
  3074 | D:5      | Identified the +2 robe of a Hundred Friends {rElec Str+4
                  | Int-5 Slay+3}
  3398 | D:4      | Found a glowing golden altar of the Shining One.
  3417 | D:4      | Reached skill level 5 in Axes
  3679 | D:4      | Found a white marble altar of Elyvilon.
  3679 | D:4      | Found a basalt altar of Yredelemnul.
  3680 | D:4      | Found an ornate altar of the Wu Jian Council.
  4270 | D:5      | Found a staircase to the Ecumenical Temple.
  4287 | D:5      | Gained mutation: You have razor-sharp teeth. [Vine Stalker
                  | growth]
  4287 | D:5      | Reached XP level 8. HP: 18/42 MP: 3/9
  4300 | Temple   | Entered the Ecumenical Temple
  4300 | Temple   | Found a transporter.
  4300 | Temple   | Found a transporter.
  4341 | Temple   | Found a transporter.
  4341 | Temple   | Found a transporter.
  4437 | D:5      | Reached skill level 6 in Stealth
  4471 | D:5      | Found an iron altar of Okawaru.
  4883 | D:6      | Reached skill level 7 in Stealth
  4952 | D:6      | Found a bloodstained altar of Trog.
  5171 | D:6      | Found Kausagei's Jewellery Shop.
  5195 | D:6      | Bought a +6 ring of strength for 540 gold pieces
  5204 | D:6      | Found Xyeg's General Store.
  5209 | D:6      | Bought a scroll of fear for 52 gold pieces
  5209 | D:6      | Bought 2 scrolls of teleportation for 78 gold pieces
  5209 | D:6      | Bought a scroll of teleportation for 39 gold pieces
  5249 | D:6      | Found a glowing silver altar of Zin.
  5287 | D:6      | Reached skill level 5 in Fighting
  5287 | D:6      | Reached skill level 8 in Stealth
  5287 | D:6      | Reached XP level 9. HP: 47/47 MP: 10/10
  5455 | D:6      | Found a runed translucent gate.
  5458 | D:6      | Found a runed translucent gate.
  5458 | D:6      | Found a runed translucent gate.
  5460 | D:6      | Noticed Monkooky's ghost (novice VSBe)
  5478 | D:6      | Reached skill level 5 in Dodging
  5895 | D:8      | Reached skill level 9 in Stealth
  6253 | D:7      | Reached skill level 10 in Stealth
  6261 | D:7      | Reached XP level 10. HP: 45/53 MP: 11/11
  6274 | D:7      | Reached skill level 11 in Stealth
  6621 | D:6      | Noticed a rust devil
  6621 | D:6      | Noticed a rust devil
  6631 | D:6      | Killed a rust devil
  6636 | D:6      | HP: 2/53 [orc warrior/+0 flail (5)]
  6916 | D:7      | Killed a rust devil
  7147 | D:8      | Found a hide-covered altar of Uskayaw.
  7199 | D:8      | Noticed a purple ugly thing
  7210 | D:8      | Killed a purple ugly thing
  7211 | D:8      | Reached skill level 12 in Stealth
  7569 | D:7      | Reached XP level 11. HP: 14/58 MP: 12/12
  7910 | D:9      | Found a stormy altar of Qazlal.
  8011 | D:9      | Reached skill level 13 in Stealth
  8023 | D:9      | Reached skill level 10 in Axes
  8046 | D:9      | Noticed Pikel
  8058 | D:9      | Killed Pikel
  8134 | D:9      | Noticed Psyche
  8137 | D:9      | Killed Psyche
  8292 | D:9      | Found a transporter.
  8394 | D:10     | Entered Level 10 of the Dungeon
  8433 | D:10     | Reached skill level 14 in Stealth
  8611 | D:10     | Found a flagged portal.
  8633 | Bailey   | Entered a bailey
  8732 | Bailey   | Noticed a vault guard
  8738 | Bailey   | Killed a vault guard
  8758 | Bailey   | Noticed Prince Ribbit
  8758 | Bailey   | Noticed a vault guard
  8774 | Bailey   | Killed a vault guard
  8780 | Bailey   | Killed Prince Ribbit
  8781 | Bailey   | Reached skill level 15 in Stealth
  9006 | D:9      | Noticed a moth of wrath
  9016 | D:9      | Found a transporter.
  9020 | D:9      | Noticed Loveship's ghost (journeyman KoEn)
  9298 | D:10     | Found an opulent altar of Gozag.
  9299 | D:10     | Found a sparkling altar of Nemelex Xobeh.
  9306 | D:10     | Became a worshipper of Gozag Ym Sagoz the Greedy
  9333 | D:10     | Found a staircase to the Lair.
  9356 | D:10     | Reached XP level 12. HP: 65/65 MP: 13/13
  9467 | D:10     | Found a staircase to the Orcish Mines.
  9790 | D:11     | Noticed a two-headed ogre
  9797 | D:11     | Killed a two-headed ogre
  9852 | D:11     | Noticed Darkkill's ghost (journeyman MiHu)
  9864 | D:11     | Found a transporter.
  9868 | D:11     | Noticed a boulder beetle
  9888 | D:11     | Killed a boulder beetle
 10036 | D:11     | Reached skill level 16 in Stealth
 10254 | D:11     | Found a transporter.
 10519 | D:12     | Noticed a two-headed ogre
 10527 | D:12     | Killed a two-headed ogre
 10582 | D:13     | Noticed Nessos
 10582 | D:13     | Noticed Urug
 10582 | D:13     | Noticed a two-headed ogre
 10582 | D:13     | Noticed an ogre mage
 10582 | D:13     | Noticed a two-headed ogre
 10582 | D:13     | Noticed a two-headed ogre
 10582 | D:13     | Noticed a two-headed ogre
 10582 | D:13     | Noticed a two-headed ogre
 10582 | D:13     | Found a gate to the Vaults.
 10709 | D:12     | Noticed a boulder beetle
 10719 | D:12     | Killed a boulder beetle
 10814 | D:13     | Found a shimmering altar of Xom.
 10814 | D:13     | Found a shimmering altar of Xom.
 10814 | D:13     | Found a shimmering altar of Xom.
 10814 | D:13     | Found a shimmering altar of Xom.
 10814 | D:13     | Found a shimmering altar of Xom.
 10814 | D:13     | Found Taulo's Magic Scroll Shoppe.
 10830 | D:13     | Bought a scroll of identify for 28 gold pieces
 10830 | D:13     | Bought a scroll of magic mapping for 105 gold pieces
 10830 | D:13     | Bought a scroll of enchant weapon for 105 gold pieces
 10830 | D:13     | Bought a scroll of teleportation for 42 gold pieces
 10830 | D:13     | Bought a scroll of identify for 28 gold pieces
 10848 | D:13     | Reached skill level 17 in Stealth
 11253 | Lair:1   | Entered Level 1 of the Lair of Beasts
 11315 | Lair:1   | Noticed a death yak
 11317 | Lair:1   | Noticed a death yak
 11318 | Lair:1   | Noticed a death yak
 11388 | Lair:1   | Killed a death yak
 11394 | Lair:1   | Killed a death yak
 11404 | Lair:1   | Killed a death yak
 11405 | Lair:1   | Reached XP level 13. HP: 24/71 MP: 7/14
 11728 | Lair:1   | Reached skill level 10 in Fighting
 12244 | Lair:1   | Noticed Amaemon
 12248 | Lair:1   | Killed Amaemon
 13168 | Lair:2   | Learned a level 7 spell: Haunt
 13383 | Lair:2   | Reached skill level 1 in Spellcasting
 13383 | Lair:2   | Reached skill level 1 in Summonings
 13383 | Lair:2   | Reached skill level 1 in Necromancy
 13797 | Lair:4   | Reached XP level 14. HP: 77/77 MP: 15/18
 13945 | Lair:3   | Noticed Sonja
 13954 | Lair:3   | Killed Sonja
 13980 | Lair:3   | Found a staircase to the Snake Pit.
 14080 | Lair:3   | Found a staircase to the Shoals.
 14893 | Lair:5   | Entered Level 5 of the Lair of Beasts
 15148 | Lair:4   | Reached skill level 15 in Axes
 16076 | Lair:5   | Reached skill level 5 in Summonings
 16152 | Lair:5   | Reached skill level 5 in Spellcasting
 16200 | Lair:5   | Reached skill level 5 in Necromancy
 16354 | Lair:5   | Reached XP level 15. HP: 83/83 MP: 23/23
 17105 | Lair:5   | Found a staircase to the Slime Pits.
 17126 | Lair:5   | Noticed an acid blob
 17131 | Lair:5   | Killed an acid blob
 17360 | Lair:5   | Found a corrupted altar of Lugonu.
 17360 | Lair:5   | Found a one-way gate to the infinite horrors of the Abyss.
 17370 | Lair:5   | Identified the +9 spear "Dioxal" {freeze, rN+ Str-4 Int+2}
 17738 | D:12     | Paralysed by an ogre mage for 5 turns
 18087 | D:13     | Found a runed translucent gate.
 18087 | D:13     | Found a runed translucent gate.
 18091 | D:13     | Killed Nessos
 18092 | D:13     | Found a runed translucent gate.
 18097 | D:13     | Killed Urug
 18140 | D:13     | Noticed Loveship's ghost (journeyman VSEn)
 18258 | D:13     | Found a shimmering altar of Xom.
 18509 | D:13     | Found a shimmering altar of Xom.
 18511 | D:13     | Found a shimmering altar of Xom.
 18629 | D:13     | Acquired a +1 heavy executioner's axe
 18768 | D:13     | Reached XP level 16. HP: 78/89 MP: 22/27
 19139 | D:13     | Killed Loveship's ghost
 19451 | D:15     | Entered Level 15 of the Dungeon
 19661 | D:14     | Identified the ring "Qaese" {Will++ Str+2 Slay+4}
 19910 | D:15     | Found Pial's General Store.
 20377 | D:15     | Found a staircase to the Depths.
 20391 | D:15     | HP: 1/89 [yaktaur/bolt (19)]
 21181 | D:6      | Killed Monkooky's ghost
 21373 | D:9      | Killed Loveship's ghost
 21496 | D:6      | Bought a ring of poison resistance for 300 gold pieces
 21622 | D:11     | Killed Darkkill's ghost
 21799 | Snake:1  | Entered Level 1 of the Snake Pit
 21802 | Snake:1  | Noticed Aizul
 21815 | Snake:1  | HP: 1/89 [anaconda (4)]
 21817 | Snake:1  | Slain by Aizul

Illustrated notes

Levels and vault maps discovered:
D:1:      minmay_arrival_loop, layout_basic, ebering_ecumenical_altar_webs,
          moated_statue, minmay_tetromino_s2
D:2:      minmay_angry_zag, layout_basic, serial_shops,
          nicolae_shop_behind_doors, nicolae_shop_bloodbath_and_beyond,
          minmay_cut_off
D:3:      kennysheep_slugbush, layout_basic, uniq_sigmund, uniq_terence
D:4:      layout_layer_cave, gammafunk_temple_overflow_claw,
          nicolae_tso_besieged_by_evil, minivault_24, uniq_grinder
D:5:      layout_loops_ring, mainiacjoe_overflow_small_starburst,
          minmay_temple_entry_grid, minmay_misc_feat_square
D:6:      cheibrodos_iron_armory, layout_basic, bloody_trog, marbit_many_paths,
          serial_shops, shop, shop, biasface_ghost_orc_armoury,
          minmay_manual_mares
D:7:      erik_cavepeople, layout_basic
D:8:      layout_gridville, nicolae_uskayaw_dance_hall
D:9:      layout_loops_corners, grunt_qazlal_clouds,
          gammafunk_ghost_berserking_beasts, uniq_psyche, uniq_pikel
D:10:     layout_loops_ring, grunt_temple_overflow_opulence,
          erik_lair_orcish_takeover, orc_0_dummy, enter_bailey_5
D:11:     layout_loops_cross, gammafunk_ghost_stat_death
D:12:     layout_long_grid
D:13:     minmay_the_grid_octo_tiled_squarecenter [minmay_the_grid_octo_focus,
          minmay_the_grid_octo_clover, minmay_the_grid_octo_fat_diamond,
          minmay_the_grid_octo_vomiting_pacman,
          minmay_the_grid_square_5x5_megaprize_hollow,
          minmay_the_grid_square_5x5_fat_x,
          minmay_the_grid_square_5x5_two_walls_b,
          minmay_the_grid_square_5x5_hourglass,
          minmay_the_grid_square_5x5_sharp_hourglass], layout_cave_pools,
          david_vaults_3, serial_shops, nicolae_shop_window_shopping,
          gammafunk_ghost_spectres, columned_hall_lemuel, xom_shifter_show
D:14:     layout_loops_ring, dreamdust_princess_corridor
D:15:     gammafunk_enter_depths_forms, layout_irregular_city,
          hangedman_decor_lopped, serial_shops, shop
Temple:   hellmonk_temple_divided_pantheon
Lair:1:   layout_cave_pods, nicolae_quartered_pool_little, grunt_megastairs_3,
          uniq_amaemon, uniq_urug
Lair:2:   layout_roguey, infiniplex_staircase_pool_2
Lair:3:   layout_cave_pods, elwin_shoals_entry_rooms,
          guppyfry_snake_entry_island, uniq_sonja
Lair:4:   layout_long_grid, lemuel_old_faithful
Lair:5:   hellmonk_lair_end_abyssal_woods, layout_misc_corridors,
          dpeg_slime_entry_enclosed, minivault_11
Snake:1:  layout_misc_corridors, ebering_ghost_xom, drop_trap, st_stairs_5,
          nicolae_snake_lava_pool, uniq_aizul, uniq_mlioglotl

Skill      XL: |  1  2  3  4  5  6  7  8  9 10 11 12 13 14 15 16 |
---------------+-------------------------------------------------+-----
Fighting       | 2 3 4 5 6 7 8 9 10 11 12 | 12.3
Axes           | 3 4 5 6 8 9 11 13 14 15 16 | 16.6
Armour         | 1 2 |  2.7
Dodging        | 3 4 5 6 7 |  7.0
Stealth        | 2 4 5 8 10 12 15 17 | 17.6
Spellcasting   | 2 5 7 |  7.3
Summonings     | 2 5 7 9 |  9.5
Necromancy     | 2 5 7 9 |  9.4
Throwing       | |  1.7

Action                     |  1- 3 |  4- 6 |  7- 9 | 10-12 | 13-15 | 16-18 || total
---------------------------+-------+-------+-------+-------+-------+-------++-------
  Melee: War axe           |    65 |    87 |   158 |   219 |       |       ||   529
         Bite              |     9 |    19 |    39 |   120 |   252 |    57 ||   496
         Punch             |       |       |     3 |     7 |    17 |       ||    27
         Broad axe         |       |       |       |   169 |   545 |       ||   714
         Demon whip        |       |       |       |       |    33 |       ||    33
         Battleaxe         |       |       |       |       |    62 |     5 ||    67
         Executioner's axe |       |       |       |       |    13 |   147 ||   160
  Throw: Throwing net      |       |       |       |     8 |       |       ||     8
         Dart              |       |       |       |     2 |       |       ||     2
    Use: Scroll            |       |    12 |     5 |    20 |    11 |     6 ||    54
         Potion            |       |       |     1 |     3 |       |     4 ||     8
   Stab: Distracted        |     1 |     1 |     1 |     3 |     8 |     5 ||    19
         Sleeping          |       |    14 |    22 |    33 |    44 |     5 ||   118
         Held in net/web   |       |       |       |     5 |       |       ||     5
         Petrified         |       |       |       |       |     2 |       ||     2
         Fleeing           |       |       |       |       |     1 |       ||     1
 Armour: Leather armour    |    31 |       |       |       |       |       ||    31
         Robe              |       |    18 |    59 |    93 |   488 |   117 ||   775
  Dodge: Dodged            |    51 |    58 |   151 |   244 |   674 |   197 ||  1375

Table legend: (Time is in decaauts)
 A = Elapsed time spent in this place.
 B = Non-inter-level travel time spent in this place.
 C = Inter-level travel time spent in this place.
 D = Time resting spent in this place.
 E = Time spent auto-exploring this place.
 F = Levels seen in this place.
 G = Mean time per level.
                   A        B        C        D        E       F      G
               +--------+--------+--------+--------+--------+-----+--------+
         Total |  22002 |  20689 |   1313 |    965 |  12953 |  23 |  956.6 |
       Dungeon |  15312 |  14382 |    930 |    778 |   8962 |  15 | 1020.8 |
        Temple |     84 |     84 |      0 |      0 |     40 |   1 |   84.0 |
          Lair |   6305 |   5923 |    382 |    187 |   3849 |   5 | 1261.0 |
     Snake Pit |     22 |     22 |      0 |      0 |      0 |   1 |   22.0 |
        Bailey |    276 |    276 |      0 |      0 |    102 |   1 |  276.0 |
               +--------+--------+--------+--------+--------+-----+--------+

Top non-repeatable levels by time:
     D:7: 1528 daAuts
  Lair:1: 1472 daAuts
  Lair:5: 1467 daAuts
     D:4: 1297 daAuts
  Lair:3: 1179 daAuts
    D:13: 1163 daAuts
    D:12: 1159 daAuts
  Lair:4: 1156 daAuts
    D:15: 1149 daAuts
     D:6: 1101 daAuts
     D:9: 1042 daAuts
     D:3: 1036 daAuts
  Lair:2: 1029 daAuts
     D:2: 1008 daAuts
    D:10: 935 daAuts
